 Dungeon Crawl Stone Soup version 0.21-b1-23-g1fb0a74 (webtiles) character file.

22596 Faca the Severer (level 12, -6/112 HPs)
             Began as a Minotaur Fighter on Jan 5, 2018.
             Was the Champion of Okawaru.
             Mangled by a draconian simulacrum (21 damage)
             ... in an ice cave.
             The game lasted 00:29:21 (10769 turns).

Faca the Severer (Minotaur Fighter)                Turns: 10769, Time: 00:29:22

Health: -6/112     AC: 26    Str: 23    XL:     12   Next: 64%
Magic:  11/11      EV:  8    Int:  5    God:    Okawaru [******]
Gold:   667        SH: 16    Dex: 13    Spells: 11/11 levels left

rFire    . . .     SeeInvis .   i - +2 war axe (freeze)
rCold    . . .     Gourm    .   c - +0 shield
rNeg     . . .     Faith    .   t - +7 chain mail "Kybbidics" {+Inv +Fly rCorr}
rPois    .         Spirit   .   (helmet restricted)
rElec    .         Reflect  +   j - +1 cloak
rCorr    +         Harm     .   G - +1 pair of gloves
MR       +....                  x - +0 pair of boots {Fly}
Stlth    ..........             H - +3 amulet of reflection
HPRegen  0.28/turn              o - ring of protection from magic
MPRegen  0.12/turn              h - +1 ring of protection

@: no status effects
A: retaliatory headbutt, horns 2
a: Heroism, Finesse, Renounce Religion, Evoke Invisibility, Evoke Flight


You were in an ice cave.
You worshipped Okawaru.
Okawaru was exalted by your worship.
You were not hungry.

You visited 3 branches of the dungeon, and saw 14 of its levels.
You also visited: Ice Cave.

You collected 667 gold pieces.

Inventory:

Hand Weapons
 i - a +2 war axe of freezing (weapon)
 v - a +0 flail of holy wrath
Armour
 c - a +0 shield (worn)
 j - a +1 cloak (worn)
 t - the +7 chain mail "Kybbidics" (worn) {+Inv +Fly rCorr}
   (You found it on level 5 of the Dungeon)

   It lets you turn invisible.
   It lets you fly.
   It protects you from acid and corrosion.
 x - a +0 pair of boots of flying (worn)
 E - a +0 large shield
 G - a +1 pair of gloves (worn)
Jewellery
 h - a +1 ring of protection (right hand)
 o - a ring of protection from magic (left hand)
 q - an uncursed ring of see invisible
 H - a +3 amulet of reflection (around neck)
 J - a cursed amulet of inaccuracy {unknown}
Wands
 p - a wand of digging (14)
 y - a wand of iceblast (43)
 C - a wand of scattershot (5)
 L - a wand of clouds (7)
Scrolls
 b - 2 scrolls of identify
 g - 8 scrolls of remove curse
 m - a scroll of magic mapping
 u - 2 scrolls of teleportation
 w - 3 scrolls of fog
 z - 2 scrolls of summoning
 I - a scroll of enchant armour {unknown}
 K - a scroll of holy word {unknown}
Potions
 a - a potion of ambrosia
 d - a potion of might
 e - 3 potions of flight
 k - 2 potions of curing
 l - 2 potions of mutation
 n - 2 potions of agility
 r - 2 potions of heal wounds
 s - a potion of brilliance
 A - a potion of invisibility
 D - a potion of magic
 F - a potion of haste
Comestibles
 f - 15 rations


   Skills:
 + Level 11.9 Fighting
 * Level 15.4 Axes
 + Level 11.9 Armour
 + Level 11.9 Shields


You had 11 spell levels left.
You didn't know any spells.

Dungeon Overview and Level Annotations

Branches:
Dungeon (11/15)            Temple (1/1) D:5            Lair (2/6) D:9
  Swamp: Lair:2-4    Shoals: Lair:2-4     Snake: Lair:2-4    Spider: Lair:2-4
    Orc: D:9-12

Altars:
Ashenzari
Cheibriados
Dithmenos
Elyvilon
Fedhas
Gozag
Hepliaklqana
Kikubaaqudgha
Makhleb
Nemelex Xobeh
Okawaru
Qazlal
Ru
Sif Muna
Trog
Uskayaw
Vehumet
Wu Jian
Xom
Yredelemnul
Zin
The Shining One

Annotations:
D:10 2 runed doors
Lair:1 exclusion: oklob plant


Innate Abilities, Weirdness & Mutations

You reflexively headbutt those who attack you in melee.
You have a pair of horns on your head.


Message History

You block the draconian simulacrum's attack.
You slash the draconian simulacrum!
The draconian simulacrum is moderately damaged.
You hit the ogre simulacrum. You slash the ogre simulacrum!
The ogre simulacrum vapourises!
Okawaru accepts your kill.
You hit the draconian simulacrum but do no damage.
You block the draconian simulacrum's attack.
You hit the draconian simulacrum but do no damage.
The draconian simulacrum is moderately damaged.
The draconian simulacrum hits you but does no damage.
You hit the draconian simulacrum.
The draconian simulacrum is heavily damaged.
You hit the ogre simulacrum but do no damage.
You hit the draconian simulacrum but do no damage.
You block the ogre simulacrum's attack. The draconian simulacrum hits you.
* * * LOW HITPOINT WARNING * * *
The draconian simulacrum freezes you!!
You die...

#..#..####..###.(# #..#
#.....# #..## #.)# ##.##
##...## ##..###### #..#
##### ###..## ##.##
##.##..# #..## ####...#..#
##..# ####.#....#..####
##.## ##.......#...###.###
#..##
#........#..###Z@..####..#
#8.....8######.Z....##..##
#.......# #..##....##.##
#.._....# #.. ##....#..#
#.......# +.. #......##
#8.....8# #.. #......#
#......## #.Z ##.....##
##.....# #..##....###
##...## ##......##


You could see an ogre simulacrum and a draconian simulacrum.

Vanquished Creatures
  Josephine (D:11)
  A hydra (D:11)
  Erica (Lair:2)
  2 two-headed ogres
  A necromancer (IceCv)
  An ice statue (IceCv)
  Joseph (D:7)
  5 spiny frogs (Lair:1)
  10 freezing wraiths (IceCv)
  A merfolk (D:9)
  A wolf spider simulacrum (IceCv)
  A hornet (D:7)
  Prince Ribbit (D:5)
  9 blink frogs (Lair:1)
  4 hippogriffs
  12 yaks
  A wyvern (D:8)
  2 wraiths (D:11)
  Grum (Lair:1)
  A steam dragon (D:10)
  2 death yak simulacra (IceCv)
  Edmund (D:5)
  5 water moccasins (Lair:1)
  Duvessa (D:7)
  7 porcupines
  16 ice beasts
  4 orc warriors
  3 sky beasts
  6 black bears
  6 ogres
  5 centaurs
  4 wolves
  6 crocodiles
  6 bullfrogs
  Dowan (D:7)
  3 scorpions
  3 killer bees (D:7)
  A howler monkey (D:8)
  2 bullfrog zombies
  6 crimson imps
  A centaur zombie (D:5)
  2 draconian simulacra (IceCv)
  A quasit (D:9)
  2 hounds
  11 orc wizards
  A centaur skeleton (D:8)
  5 jellies
  2 bullfrog skeletons
  5 orc priests
  An iguana (D:5)
  Ijyb (D:3)
  2 spriggan simulacra (IceCv)
  9 worker ants
  6 troll simulacra (IceCv)
  A wolf simulacrum (IceCv)
  2 hound zombies
  2 hound skeletons
  A worker ant zombie (D:11)
  13 adders
  4 naga simulacra (IceCv)
  4 ogre simulacra (IceCv)
  2 shadow imps
  12 white imps (IceCv)
  An ooze (D:1)
  An adder zombie (D:6)
  3 worms
  4 dart slugs
  3 leopard geckos
  30 orcs
  A ball python (D:2)
  2 bats
  4 giant cockroaches
  6 hobgoblins
  14 jackals
  A quokka (D:4)
  7 goblins
  2 jackal skeletons
  6 kobolds
  9 rats
  A plant (D:9)
330 creatures vanquished.

Vanquished Creatures (others)
  3 fungi (D:9)
  2 plants (D:9)
5 creatures vanquished.

Grand Total: 335 creatures vanquished

Notes
Turn   | Place    | Note
-------+----------+-------------------------------------------
     0 | D:1      | Faca the Minotaur Fighter began the quest for the Orb.
     0 | D:1      | Reached XP level 1. HP: 19/19 MP: 0/0
    59 | D:1      | Reached XP level 2. HP: 26/27 MP: 1/1
   380 | D:1      | Reached XP level 3. HP: 24/33 MP: 2/2
   674 | D:2      | Reached skill level 3 in Axes
   894 | D:2      | Noticed a black bear
   901 | D:2      | Killed a black bear
   901 | D:2      | Reached skill level 4 in Axes
   901 | D:2      | Reached XP level 4. HP: 29/41 MP: 3/3
   911 | D:2      | Reached XP level 5. HP: 27/47 MP: 4/4
  1733 | D:3      | Reached skill level 5 in Armour
  1871 | D:3      | Found a hazy altar of Hepliaklqana.
  1959 | D:3      | Noticed Ijyb
  1975 | D:3      | Killed Ijyb
  1975 | D:3      | Reached XP level 6. HP: 55/55 MP: 5/5
  2096 | D:3      | Reached skill level 5 in Fighting
  2098 | D:3      | Reached skill level 5 in Shields
  2106 | D:3      | Reached skill level 5 in Axes
  2177 | D:3      | Found an iron altar of Okawaru.
  2182 | D:3      | Became a worshipper of Warmaster Okawaru
  2743 | D:5      | Entered Level 5 of the Dungeon
  2757 | D:5      | Got a brightly glowing chain mail
  2762 | D:5      | Noticed Edmund
  2772 | D:5      | Killed Edmund
  2772 | D:5      | Reached XP level 7. HP: 56/61 MP: 6/6
  2774 | D:5      | Reached skill level 6 in Axes
  2811 | D:5      | Identified the +7 chain mail "Kybbidics" {+Inv +Fly rCorr} (You found it on level 5 of the Dungeon)
  2939 | D:5      | Noticed Prince Ribbit
  2998 | D:5      | Killed Prince Ribbit
  2998 | D:5      | Reached * piety under Okawaru
  3030 | D:5      | Reached skill level 7 in Axes
  3352 | D:5      | Found a staircase to the Ecumenical Temple.
  3361 | Temple   | Entered the Ecumenical Temple
  3558 | D:6      | Found a sparkling altar of Nemelex Xobeh.
  3566 | D:6      | Reached XP level 8. HP: 65/70 MP: 7/7
  3596 | D:6      | Found an opulent altar of Gozag.
  3632 | D:6      | Reached ** piety under Okawaru
  3659 | D:6      | Reached skill level 8 in Axes
  4042 | D:7      | Noticed Duvessa
  4042 | D:7      | Noticed Dowan
  4049 | D:7      | Killed Dowan
  4055 | D:7      | Killed Duvessa
  4189 | D:7      | Noticed a hippogriff
  4196 | D:7      | Killed a hippogriff
  4196 | D:7      | Reached skill level 9 in Axes
  4196 | D:7      | Reached XP level 9. HP: 79/79 MP: 8/8
  4345 | D:7      | Reached *** piety under Okawaru
  4346 | D:7      | Noticed Joseph
  4362 | D:7      | Killed Joseph
  4507 | D:7      | Reached skill level 10 in Axes
  4532 | D:7      | Reached **** piety under Okawaru
  4855 | D:7      | Reached XP level 10. HP: 72/90 MP: 9/9
  5286 | D:8      | Reached skill level 11 in Axes
  5714 | D:8      | Found a shimmering altar of Xom.
  6354 | D:9      | Got a smoking long sword {protect}
  6355 | D:9      | Identified the +2 long sword of Integrity {protect, rElec} (You took it off an orc on level 9 of the Dungeon)
  6412 | D:9      | Reached ***** piety under Okawaru
  6481 | D:9      | Reached skill level 12 in Axes
  6558 | D:9      | Noticed a two-headed ogre
  6563 | D:9      | Killed a two-headed ogre
  6818 | D:9      | Found a staircase to the Lair.
  7024 | D:9      | Found an ancient bone altar of Kikubaaqudgha.
  7093 | D:9      | Found a deep blue altar of Sif Muna.
  7162 | D:10     | Entered Level 10 of the Dungeon
  7181 | D:10     | Found a runed door.
  7219 | D:10     | Found a shimmering altar of Xom.
  7430 | D:10     | Received a gift from Okawaru
  7435 | D:10     | Reached XP level 11. HP: 91/99 MP: 10/10
  7440 | D:10     | Got a shimmering scale mail {god gift}
  7451 | D:10     | Identified the +3 scale mail of the Lotus Blossom {MR+ Dex-4 SInv} (Okawaru gifted it to you on level 10 of the Dungeon)
  7485 | D:10     | Reached skill level 10 in Armour
  7613 | D:10     | Reached skill level 10 in Shields
  7730 | D:10     | Found a runed door.
  7870 | D:11     | Noticed a seven-headed hydra
  7885 | D:11     | Killed a seven-headed hydra
  7885 | D:11     | Reached skill level 10 in Fighting
  8021 | D:11     | Noticed Josephine
  8035 | D:11     | Killed Josephine
  8035 | D:11     | Reached skill level 13 in Axes
  8042 | D:11     | Noticed a two-headed ogre
  8054 | D:11     | Killed a two-headed ogre
  8362 | D:11     | Noticed a two-headed ogre
  8580 | Lair:1   | Entered Level 1 of the Lair of Beasts
  8600 | Lair:1   | Noticed Grum
  8669 | Lair:1   | Killed Grum
  8784 | Lair:1   | Reached skill level 14 in Axes
  8937 | Lair:1   | Reached ****** piety under Okawaru
  9076 | Lair:1   | Received a gift from Okawaru
  9094 | Lair:1   | Reached XP level 12. HP: 106/110 MP: 11/11
  9450 | Lair:2   | Noticed Erica
  9465 | Lair:2   | Killed Erica
  9469 | Lair:2   | Found a frozen archway.
  9574 | IceCv    | Entered an ice cave
  9857 | IceCv    | Reached skill level 15 in Axes
 10193 | IceCv    | Found an ancient bone altar of Kikubaaqudgha.
 10230 | IceCv    | Received a gift from Okawaru
 10272 | IceCv    | Got a translucent ring mail {god gift}
 10283 | IceCv    | Identified the +1 ring mail of Levity {Dex+3} (Okawaru gifted it to you in an ice cave)
 10769 | IceCv    | Mangled by a draconian simulacrum

Skill      XL: |  1  2  3  4  5  6  7  8  9 10 11 12 |
---------------+-------------------------------------+-----
Armour         | 4 5 6 7 8 9 11 | 11.9
Shields        | 4 5 6 7 8 9 11 | 11.9
Fighting       | 4 5 6 7 8 9 11 | 11.9
Axes           | 4 5 7 9 10 12 14 15 | 15.4

Action                   |  1- 3 |  4- 6 |  7- 9 | 10-12 || total
-------------------------+-------+-------+-------+-------++-------
Melee: War axe           |    63 |   132 |   193 |   623 ||  1011
       Headbutt          |    12 |    17 |    35 |   166 ||   230
       Flail             |       |       |       |    15 ||    15
Invok: Heroism           |       |       |       |     2 ||     2
 Abil: Stop Flying       |       |       |     1 |       ||     1
  Use: Scroll            |     4 |     6 |     6 |     8 ||    24
  Eat: Chunk             |       |     3 |     3 |     1 ||     7
       Ration            |       |     1 |     1 |     6 ||     8
Armor: Scale mail        |    25 |    61 |     3 |       ||    89
       Chain mail        |       |       |    98 |   241 ||   339
Dodge: Dodged            |    14 |    44 |    34 |   129 ||   221
Block: Shield            |    31 |    70 |    97 |   363 ||   561
       Reflection        |       |       |       |     8 ||     8
